 Dungeon Crawl Stone Soup version 0.31-a0-1074-g0b22e4e0f1 (webtiles) character file.

Game seed: 16729335795843172941

563634 dialectric the Impregnable (level 24, -4/235 HPs)
             Began as a Minotaur Fighter on Dec 2, 2023.
             Was a High Priest of Jiyva.
             Killed from afar by a quicksilver dragon (31 damage)
             ... with a bolt of dispelling energy
             ... on level 5 of the Realm of Zot on Dec 3, 2023.
             The game lasted 02:50:38 (53087 turns).

dialectric the Impregnable (Minotaur Fighter)      Turns: 53087, Time: 02:50:39

Health: -4/235     AC: 24    Str: 28    XL:     24   Next: 85%
Magic:  0/38       EV: 18    Int:  5    God:    Jiyva [*****.]
Gold:   2390       SH: 21    Dex: 16    Spells: 34/48 levels left

rFire   + . .        w - +9 demon whip (spect)
rCold   + . .        n - +5 kite shield {rC+ rF+}
rNeg    + + +        P - +5 faerie dragon scales {+Blink Regen+ rCorr Stlth+ Clar}
rPois   +            D - +1 hat "Xaseuham" {rPois rN+++ Regen+ Stlth+}
rElec   .            F - +2 cloak
rCorr   +            g - +2 pair of gloves
SInv    .            (boots unavailable)
Will    +....        G - amulet of guardian spirit
Stlth   ++++         a - +4 ring of slaying
HPRegen 3.63/turn    H - ring "Ejeusoa" {rF+ Str+5}
MPRegen 0.71/turn

%: clarity, guardian spirit
@: no status effects
A: horns 2, retaliatory headbutt, talons 3, dopey 1, weak 1, pseudopods 1,
translucent skin 1, heat vulnerability 1
}: 4/15 runes: decaying, serpentine, slimy, abyssal
a: Renounce Religion, Evoke Blink, Oozemancy, Slimify


You were on level 5 of the Realm of Zot.
You worshipped Jiyva.
Jiyva was extremely pleased with you.
You visited 13 branches of the dungeon, and saw 55 of its levels.
You visited the Abyss 1 time.
You also visited: Bailey, Ice Cave and Wizlab.

You collected 4945 gold pieces.
You spent 2555 gold pieces at shops.

Inventory:

Hand Weapons
 w - a +9 spectral demon whip (weapon)
 J - a +2 demon whip of venom
Missiles
 m - 3 throwing nets
 Y - 5 darts of dispersal
 Z - 4 curare-tipped darts (quivered)
Armour
 g - a +2 pair of gloves (worn)
 n - a +5 kite shield of resistance (worn)
 q - a +2 pair of boots
 u - the +2 buckler "Xeyciy" {rC+ Int+3 Slay+3}
   (You bought it in a shop on level 2 of the Vaults)

   Int+3:     It affects your intelligence (+3).
   Slay+3:    It affects your accuracy & damage with ranged weapons and melee
   (+3).
   rC+:       It protects you from cold.
 D - the +1 hat "Xaseuham" (worn) {rPois rN+++ Regen+ Stlth+}
   (You acquired it in a bailey)

   rPois:     It protects you from poison rN+++: It renders you almost immune to
   negative energy.
   Regen+:    It increases your rate of health regeneration.
   Stlth+:    It makes you more stealthy.
 E - +0 gold dragon scales
 F - a +2 cloak (worn)
 M - +0 fire dragon scales
 P - the +5 faerie dragon scales (worn) {+Blink Regen+ rCorr Stlth+ Clar}
   (You took it off the Enchantress on level 2 of the Depths)

   +Blink:    It lets you blink.
   Clar:      It protects you from confusion, rage, mesmerisation and fear.
   Regen+:    It increases your rate of health regeneration.
   rCorr:     It protects you from acid and corrosion.
   Stlth+:    It makes you more stealthy.
 R - the +6 chain mail of Segheov {rElec rC+ Dex+3}
   (You bought it in a shop on level 10 of the Dungeon)

   Dex+3:     It affects your dexterity (+3).
   rC+:       It protects you from cold.
   rElec:     It insulates you from electricity.
Jewellery
 a - a +4 ring of slaying (left hand)
 b - the ring "Yviofi" {rC+ rCorr Str+6}
   (You found it in an ice cave)

   [ring of protection from cold]

   Str+6:     It affects your strength (+6).
   rC+:       It protects you from cold.
   rCorr:     It protects you from acid and corrosion.
 v - the ring "Etou" {rF+ rC+ Int+3}
   (You took it off a boggart on level 1 of the Vaults)

   [ring of protection from fire]

   Int+3:     It affects your intelligence (+3).
   rF+:       It protects you from fire.
   rC+:       It protects you from cold.
 A - the ring "Qeitar" {Will+ Slay+3}
   (You found it in an ice cave)

   [ring of willpower]

   Slay+3:    It affects your accuracy & damage with ranged weapons and melee
   (+3).
   Will+:     It increases your willpower.
 G - an amulet of guardian spirit (around neck)
 H - the ring "Ejeusoa" (right hand) {rF+ Str+5}
   (You found it on level 5 of the Pits of Slime)

   [ring of protection from fire]

   Str+5:     It affects your strength (+5).
   rF+:       It protects you from fire.
 I - a +5 ring of evasion
 W - the ring of the Failed Coup {rF+ Str+2 Int+2 SInv}
   (You found it in an ice cave)

   [ring of see invisible]

   Str+2:     It affects your strength (+2).
   Int+2:     It affects your intelligence (+2).
   rF+:       It protects you from fire.
   SInv:      It lets you see invisible.
Talismans
 Q - a storm talisman
Wands
 f - a wand of mindburst (14)
 s - a wand of paralysis (23)
 C - a wand of iceblast (45)
 O - a wand of light (42)
Scrolls
 c - a scroll of brand weapon
 i - 5 scrolls of revelation
 k - 7 scrolls of teleportation
 r - 5 scrolls of fear
 t - 9 scrolls of poison
 x - 6 scrolls of enchant armour
 B - 3 scrolls of blinking
 S - 2 scrolls of immolation
 T - 5 scrolls of vulnerability
 V - 4 scrolls of fog
Potions
 d - 3 potions of might
 e - 9 potions of haste
 h - 13 potions of curing
 l - 9 potions of attraction
 o - 6 potions of cancellation
 p - 8 potions of heal wounds
 K - 6 potions of invisibility
 L - 3 potions of brilliance
 X - 3 potions of enlightenment
Miscellaneous
 y - a phantom mirror
 N - a phial of floods
 U - a box of beasts


   Skills:
 + Level 23.0 Fighting
 + Level 20.2 Maces & Flails
 - Level 25.0 Armour
 + Level 12.1 Dodging
 - Level 21.0 Shields
 + Level 12.5 Spellcasting
 + Level 12.1 Necromancy
 + Level 9.5 Evocations


You had 34 spell levels left.
You knew the following spells:

 Your Spells              Type           Power      Damage    Failure   Level
a - Animate Dead          Necr           15%        N/A       1%          4
b - Death Channel         Necr           7%         N/A       21%         6
c - Dispel Undead         Necr           15%        3d10      1%          4

Your spell library contained the following spells:

 Spells                   Type           Power      Damage    Failure   Level
 Kiss of Death            Conj/Necr      36%        2d8       1%          1
 Necrotise                Necr           60%        1d7       1%          1
 Vampiric Draining        Necr           15%        2d7       1%          3
 Agony                    Necr           15%        N/A       3%          5
 Cigotuvi's Dreadful Rot  Necr/Pois/Air  14%        N/A       5%          2
 Apportation              Tloc           6%         N/A       19%         1
 Foxfire                  Conj/Fire      12%        2x1d4     19%         1
 Freeze                   Ice            12%        1d3       19%         1
 Magic Dart               Conj           12%        1d3       19%         1
 Sandblast                Erth           6%         2d5       19%         1
 Sting                    Tmut/Pois      12%        1d3       19%         1
 Summon Small Mammal      Summ           12%        N/A       19%         1
 Blink                    Tloc           6%         N/A       28%         2
 Ensorcelled Hibernation  Hex/Ice        6%         N/A       28%         2
 Lesser Beckoning         Tloc           6%         N/A       28%         2
 Momentum Strike          Conj/Tloc      6%         3d8       28%         2
 Passwall                 Tmut/Erth      2%         N/A       28%         2
 Poisonous Vapours        Pois/Air       6%         N/A       28%         2
 Scorch                   Fire           6%         2d5       28%         2
 Searing Ray              Conj           6%         2d4       28%         2
 Wereblood                Tmut           3%         N/A       28%         2
 Borgnjor's Vile Clutch   Necr/Erth      4%         N/A       41%         5
 Call Canine Familiar     Summ           3%         N/A       50%         3
 Frozen Ramparts          Ice            6%         1d1       50%         3
 Gell's Gravitas          Tloc           3%         N/A       50%         3
 Hailstorm                Conj/Ice       3%         3d3       50%         3
 Ignite Poison            Fire/Tmut/Pois 3%         N/A       50%         3
 Stone Arrow              Conj/Erth      6%         3d7       50%         3
 Summon Guardian Golem    Hex/Summ       3%         N/A       50%         3
 Swiftness                Air            3%         N/A       50%         3
 Teleport Other           Tloc           3%         N/A       50%         3
 Animate Armour           Summ/Erth      6%         N/A       88%         4
 Brom's Barrelling Bould  Conj/Erth      3%         2d3       88%         4
 Dimensional Bullseye     Hex/Tloc       1%         N/A       88%         4
 Fulminant Prism          Conj/Hex       1%         3d5       88%         4
 Olgreb's Toxic Radiance  Pois           3%         N/A       88%         4
 Sticky Flame             Conj/Fire      3%         2d3       88%         4
 Summon Ice Beast         Ice/Summ       3%         N/A       88%         4
 Summon Lightning Spire   Summ/Air       3%         N/A       88%         4
 Vhi's Electric Charge    Tloc/Air       6%         N/A       88%         4
 Alistair's Intoxication  Tmut/Pois      2%         N/A       99%         5
 Arcjolt                  Conj/Air       1%         1d11      99%         5
 Freezing Cloud           Conj/Ice/Air   1%         6-21      99%         5
 Irradiate                Conj/Tmut      1%         3d12      99%         5
 Iskenderun's Battlesphe  Conj           3%         2d6       99%         5
 Lee's Rapid Deconstruct  Erth           1%         3d4*      99%         5
 Summon Mana Viper        Hex/Summ       3%         N/A       99%         5
 Eringya's Noxious Bog    Tmut/Pois      1%         4d6       100%        6
 Plasma Beam              Fire/Air       1%         2x1d11    100%        6
 Malign Gateway           Summ/Tloc      1%         N/A       100%        7
 Monstrous Menagerie      Summ           1%         N/A       100%        7
 Orb of Destruction       Conj           1%         9d5       100%        7
 Spellforged Servitor     Conj/Summ      1%         N/A       100%        7
 Ignition                 Fire           1%         3d3       100%        8
 Maxwell's Capacitive Co  Air            1%         ∞         100%        8
 Summon Horrible Things   Summ           1%         N/A       100%        8
 Chain Lightning          Conj/Air       1%         3d2       100%        9
 Shatter                  Erth           1%         3d6*      100%        9


Dungeon Overview and Level Annotations

Branches:
Dungeon (15/15)            Temple (1/1) D:7            Lair (5/5) D:11
  Swamp (4/4) Lair:3        Snake (4/4) Lair:3        Slime (5/5) Lair:5
    Orc (2/2) D:12            Elf (3/3) Orc:2        Vaults (5/5) D:14
 Depths (4/4) D:15           Hell (visited)             Dis (0/7) Hell
    Geh (0/7) Hell            Coc (1/7) Hell            Tar (0/7) Hell
    Zot (5/5) Depths:4     Bailey (visited)           IceCv (visited)
 WizLab (visited)
  Crypt: Vaults:2-3

Altars:
Ashenzari
Cheibriados
Dithmenos
Elyvilon
Fedhas
Gozag
Hepliaklqana
Kikubaaqudgha
Makhleb
Nemelex Xobeh
Okawaru
Qazlal
Ru
Sif Muna
Trog
Uskayaw
Vehumet
Wu Jian
Xom
Yredelemnul
Zin
The Shining One
Jiyva
Lugonu

Shops:
D:4 ?   D:9 !   D:10 [   D:12 :   D:15 *   Orc:2 *[!(   Elf:2 ?   Snake:3 =:=
Vaults:2 [   Depths:2 :*:*

Portals:
Hell: Depths:1 Depths:2 Depths:3 Depths:4
Abyss: Depths:3
Pandemonium: Depths:1 Depths:2
Ziggurat: Depths:1

Annotations:
Lair:1 exclusion: oklob plant
Lair:4 3 runed translucent doors, porpoise's ghost, journeyman BaHu
Swamp:2 exclusion: 2 lightning spires
Slime:5 Royal Jelly
Vaults:5 Mennas
Zot:2 3 runed translucent doors, Giurur's ghost, veteran OgBe
Zot:4 5 runed doors


Innate Abilities, Weirdness & Mutations

You have a pair of horns on your head.
You reflexively headbutt those who attack you in melee.
You have claws for feet.
You are dopey. (Int -2)
You are weak. (Str -2)
Armour fits poorly on your pseudopods.
Your translucent skin slightly reduces your foes' accuracy. (Stealth+)
You are vulnerable to heat. (rF-)


Message History

You barely resist.
Unknown command.
You completely miss the Orb Guardian. You claw the Orb Guardian!
Your headbutt misses the Orb Guardian. Your bludgeon misses the Orb Guardian.
The Orb Guardian is lightly wounded.
Your +9 spectral demon whip hits the Orb Guardian!!
Your unholy channel expires.
The sentinel's mark upon you fades away.
The quicksilver dragon barely misses you.
You furiously retaliate!
You headbutt the quicksilver dragon.
You block the quicksilver dragon's attack.
The acid blob spits acid at the orb of fire.
The splash of acid hits the orb of fire!
The acid corrodes the orb of fire!
Unknown command.
Unknown command.
The Orb Guardian quivers uncontrollably and liquefies into an acid blob!
Your +9 spectral demon whip hits the acid blob!!
Your +9 spectral demon whip is burned by acid!
Your spectral weapon shares its damage with you!
* * * LOW HITPOINT WARNING * * *
The orb of fire glows yellow.
The fireball explodes!
The fireball engulfs the acid blob!!!
The acid blob dies!
The fireball engulfs you!! You resist.
* * * LOW HITPOINT WARNING * * *
The fireball engulfs your +9 spectral demon whip!!
Your +9 spectral demon whip resists.
Your spectral weapon shares its damage with you!
Your +9 spectral demon whip disappears.
The fireball engulfs the orb of fire.
The orb of fire completely resists.
* * * LOW HITPOINT WARNING * * *
You block the quicksilver dragon's attack.
The quicksilver dragon closely misses you.
An ancient lich comes into view.
Unknown command.
You feel much better.
The quicksilver dragon breathes dispelling energy at you.
The bolt of dispelling energy hits you!!
You die...

.............#
#...........##
#...........#
.......
#...........##
^^....^
.............#
.....^.
............L##
.......
............X.##
.......
.###########^.J###
....... #
##.*.@##{Ld....
###D.*^Xq..L..
#▓▓▓▓▓▓▓▓▓▓▓


You could see 2 orbs of fire, 2 ancient liches, a quicksilver dragon (catching
breath, drained), 2 Orb Guardians, a red draconian scorcher and a neutral acid
blob (wandering) (fellow slime).

Vanquished Creatures
  An ancient lich (Abyss:3)
  Josephina (Zot:1)
  A Killer Klown (Zot:3)
  A curse toe (Zot:2)
  Geryon (Hell)
  6 golden dragons
  A bone dragon (Depths:4)
  Norris (Elf:1)
  the Enchantress (Depths:2)
  9 tentacled monstrosities
  3 electric golems
  4 liches (Abyss:3)
  6 Orb Guardians (Zot:5)
  5 deep elf master archers
  3 walking divine tomes
  2 titans
  4 quicksilver dragons
  Murray (Hell)
  4 sphinxes
  2 ancient champions
  9 death cobs
  A tentacled starspawn (Abyss:3)
  2 thorn hunters (WizLab)
  Gastronok (Lair:2)
  9 storm dragons
  7 nagarajas
  7 shadow dragons
  A revenant (Hell)
  4 draconian monks
  Aizul (Vaults:2)
  Roxanne (D:14)
  Donald (Snake:3)
  A draconian knight (Zot:1)
  4 fenstrider witches
  9 fire giants
  5 frost giants
  10 vault wardens
  2 draconian shifters
  A nargun (Hell)
  6 deep elf sorcerers
  2 deep elf elementalists (Elf:3)
  4 iron dragons
  A ghost moth (Zot:2)
  A balrug (Depths:4)
  3 draconian scorchers
  A cacodemon (Vaults:3)
  3 draconian stormcallers
  25 very ugly things
  4 spriggan defenders
  5 reapers
  17 ironbound preservers
  A broodmother (Vaults:2)
  5 draconian annihilators
  5 war gargoyles
  An ironbound thunderhulk (Vaults:1)
  9 stone giants
  7 vampire knights
  6 black draconians
  9 green draconians (Zot:2)
  2 deep elf demonologists
  3 white draconians
  4 eleionomae
  A bunyip (Swamp:2)
  10 red draconians
  2 yellow draconians
  9 purple draconians
  10 dire elephants
  2 lorocyprocas (Hell)
  8 spark wasps
  7 deep elf annihilators (Elf:3)
  A blizzard demon (Depths:2)
  8 ettins
  A green death (Hell)
  6 deep elf death magi (Elf:3)
  2 entropy weavers (Vaults:4)
  10 fire dragons
  8 deep elf high priests
  9 yaktaur captains
  6 ice dragons
  3 shambling mangroves
  2 rakshasas
  A catoblepas (D:15)
  14 ironbound frosthearts
  2 hell beasts
  5 ogre magi
  38 vault guards
  3 ghost crabs (Swamp:2)
  13 centaur warriors
  4 salamander tyrants
  19 hydras
  Erica (Lair:1)
  18 naga warriors
  9 spriggan air magi
  8 alligators
  13 anacondas
  A sphinx skeleton (D:15)
  A sphinx zombie (Depths:1)
  17 two-headed ogres
  A satyr (WizLab)
  5 deep troll shamans
  18 dancing weapons
  A boulder beetle (D:12)
  A demonic crawler (Hell)
  6 death yaks
  8 tengu warriors
  A hell hog (Hell)
  An orc high priest (Orc:2)
  10 deep troll earth magi
  6 spriggan berserkers
  A thrashing horror (Abyss:3)
  23 hell knights
  6 naga sharpshooters
  11 shock serpents
  7 deep elf knights
  A soul eater (Hell)
  A spectral spark wasp (Depths:3)
  9 sun demons
  3 salamander mystics
  6 iron trolls
  5 skysharks
  5 spriggan druids
  2 flayed ghosts
  13 skeletal warriors
  A quicksilver dragon simulacrum (Zot:1)
  A sixfirhy (Depths:1)
  53 deep trolls
  A death drake (Swamp:4)
  3 goliath frogs
  11 naga ritualists
  10 swamp dragons
  13 bog bodies
  2 large abominations (Abyss:3)
  A sea snake (Snake:4)
  2 spriggan simulacra (D:14)
  An anaconda zombie (Hell)
  7 necromancers
  6 phantasmal warriors
  7 arcanists
  6 harpies
  2 lindwurms
  2 alligator zombies (Hell)
  21 deep elf zephyrmancers
  15 ironbound convokers
  9 orc knights
  An oklob plant (WizLab)
  17 deep elf archers
  A fire giant zombie (Depths:1)
  An anaconda skeleton (Hell)
  2 tengu skeletons
  25 deep elf pyromancers
  An orc sorcerer (D:15)
  7 mana vipers
  7 cyclopes
  58 ugly things
  3 will-o-the-wisps (Swamp:2)
  Maurice (D:8)
  A faun (WizLab)
  4 manticores
  12 salamanders
  4 guardian serpents
  16 moths of wrath
  34 black mambas
  12 elephants (Lair:5)
  11 naga magi
  9 smoke demons
  A torpor snail (Lair:4)
  A water nymph (shapeshifter) (Depths:4)
  9 rust devils (Hell)
  Maggie (D:8)
  5 molten gargoyles
  12 vault sentinels
  A gargoyle (D:11)
  11 cane toads
  4 rime drakes
  An unseen horror (D:11)
  Psyche (D:9)
  13 komodo dragons
  2 hellions (Hell)
  3 kobold demonologists
  A sea snake zombie (Hell)
  5 tengu conjurers
  17 yaktaurs
  A freezing wraith (D:14)
  A tormentor (Depths:1)
  A ghost moth simulacrum (Zot:1)
  2 red devils
  An anaconda simulacrum (D:14)
  8 ice devils
  9 trolls
  3 yaktaur skeletons (Vaults:4)
  4 polar bears
  A meliai (shapeshifter) (Elf:2)
  2 hydra zombies (Hell)
  13 hornets
  A sea snake skeleton (Hell)
  10 tyrant leeches
  A queen bee (shapeshifter) (Elf:2)
  5 raiju (Abyss:3)
  25 blink frogs
  A shadow dragon simulacrum (Depths:1)
  An alligator simulacrum (D:14)
  A raiju (shapeshifter) (Vaults:4)
  A dream sheep (shapeshifter) (Vaults:4)
  8 dream sheep
  A ynoxinul (Depths:2)
  4 air elementals
  2 shadows
  17 spriggans
  A dire elephant simulacrum (D:14)
  2 spriggan skeletons
  A wraith (D:9)
  10 wyverns
  2 water elementals (Depths:3)
  6 fire bats (Abyss:3)
  7 fire elementals
  A human (shapeshifter) (Abyss:3)
  17 humans
  10 basilisks
  29 yaks
  4 starcursed masses (Abyss:3)
  A neqoxec (Abyss:3)
  12 vampire mosquitoes
  8 hogs
  2 minotaur simulacra (D:14)
  3 redbacks (Vaults:4)
  7 chaos spawn
  5 steam dragons
  A green draconian simulacrum (Zot:1)
  5 small abominations (Abyss:3)
  13 swamp worms
  A hydra simulacrum (Hell)
  A harpy simulacrum (Coc:1)
  3 acid dragons
  6 wargs
  51 nagas
  27 water moccasins
  3 great orb of eyes simulacra (IceCv)
  2 moth of wrath simulacra (Zot:1)
  9 hell hounds
  16 orc warriors
  7 swamp drakes
  A sky beast (D:7)
  2 black bears (D:5)
  5 boggarts
  25 ogres
  17 wolves
  9 centaurs
  5 kobold brigands
  2 phantoms
  4 slime creature simulacra (IceCv)
  11 bullfrogs
  A glowing shapeshifter simulacrum (IceCv)
  2 gnoll sergeants
  4 scorpions
  A deep troll simulacrum (D:14)
  10 killer bees
  A swamp dragon simulacrum (Coc:1)
  9 howler monkeys
  4 lava snakes (Lair:5)
  2 hounds (D:6)
  6 jellies
  12 orc priests
  An iron imp (Abyss:3)
  4 iguanas
  2 sleepcaps
  14 hell rats
  15 orc wizards
  Robin (D:2)
  18 gnolls
  7 adders
  3 white imps
  2 worms
  2 dart slugs (D:1)
  65 orcs
  5 bats
  5 endoplasms
  6 giant cockroaches
  10 hobgoblins
  7 jackals
  2 quokkas
  4 ball pythons
  A frilled lizard (D:1)
  15 goblins
  20 kobolds
  8 rats
  A butterfly (Lair:1)
  2 spectral weapons (Depths:4)
  A starspawn tentacle (Abyss:3)
1920 creatures vanquished.

Vanquished Creatures (collateral kills)
  the Lernaean hydra (Swamp:4)
  A death cob (Zot:4)
  A white draconian (Zot:4)
  A bog body (Swamp:4)
  A moth of wrath (Zot:4)
  A swamp drake (Swamp:4)
6 creatures vanquished.

Vanquished Creatures (others)
  9 acid blobs
  2 azure jellies
  A nagaraja (Snake:4)
  An azure jelly (shapeshifter) (Zot:4)
  2 deep elf elementalists (Elf:3)
  A quicksilver ooze (shapeshifter) (Zot:4)
  A formless jellyfish (Vaults:4)
  2 ironbound preservers (Vaults:3)
  A broodmother (shapeshifter) (Vaults:3)
  A very ugly thing (Zot:4)
  A deep elf demonologist (Elf:3)
  A white draconian (Zot:3)
  A white draconian (shapeshifter) (Zot:4)
  A deep elf death mage (Elf:3)
  3 yaktaur captains
  A deep elf high priest (Elf:3)
  9 great orbs of eyes
  A spriggan air mage (Swamp:4)
  An ogre mage (Orc:2)
  An ironbound frostheart (Vaults:2)
  A boulder beetle (Vaults:1)
  A satyr (shapeshifter) (Zot:4)
  An anaconda (Snake:4)
  A naga warrior (Snake:4)
  A glowing orange brain (shapeshifter) (Vaults:3)
  2 naga sharpshooters (Snake:4)
  A fire crab (shapeshifter) (Zot:4)
  2 glowing orange brains (Vaults:3)
  An orb spider (shapeshifter) (Vaults:5)
  2 deep trolls (Vaults:3)
  A death drake (shapeshifter) (Abyss:3)
  An orange crystal statue (IceCv)
  4 naga ritualists (Snake:4)
  An ironbound convoker (Vaults:2)
  2 deep elf zephyrmancers
  An arcanist (Vaults:4)
  4 deep elf pyromancers
  A manticore (D:14)
  A cyclops (D:12)
  3 ugly things (D:14)
  4 black mambas (Snake:4)
  2 vault sentinels
  A glass eye (Depths:3)
  A freezing wraith (Vaults:4)
  A meliai (shapeshifter) (Vaults:3)
  An ancient zyme (Abyss:3)
  3 bloated husks
  A queen bee (shapeshifter) (Depths:2)
  A hornet (Swamp:4)
  18 slime creatures
  A wraith (Vaults:3)
  A wyvern (shapeshifter) (Vaults:3)
  A yak (Lair:5)
  2 fire bats (Abyss:3)
  2 hogs (Snake:3)
  A golden eye (shapeshifter) (Vaults:3)
  3 nagas (Snake:4)
  A redback (Vaults:4)
  A swamp worm (Swamp:4)
  2 hell hounds (Hell)
  A great orb of eyes simulacrum (IceCv)
  A swamp drake (Swamp:4)
  A boggart (Vaults:1)
  2 ogres
  A centaur (D:13)
  3 slime creature simulacra (IceCv)
  2 glowing shapeshifter simulacra (IceCv)
  A killer bee (D:8)
  2 jellies (shapeshifter) (Vaults:3)
  207 jellies
  An orc priest (Orc:2)
  A hell rat (Hell)
  An adder (shapeshifter) (Vaults:3)
  An orc (Orc:2)
  A ball python (shapeshifter) (Vaults:3)
  10 foxfires (Swamp:2)
  22 spectral weapons
  A starspawn tentacle (Abyss:3)
380 creatures vanquished.

Grand Total: 2306 creatures vanquished

Notes
Turn   | Place    | Note
-------+----------+-------------------------------------------
     0 | D:1      | dialectric the Minotaur Fighter began the quest for the
                  | Orb.
     0 | D:1      | Reached XP level 1. HP: 19/19 MP: 0/0
    76 | D:1      | Reached XP level 2. HP: 24/27 MP: 1/1
   226 | D:1      | Reached skill level 4 in Armour
   770 | D:2      | Reached XP level 3. HP: 33/33 MP: 2/2
   795 | D:2      | Noticed Robin
  1212 | D:3      | Found a faded altar of an unknown god.
  1222 | D:3      | Reached XP level 4. HP: 41/41 MP: 3/3
  2161 | D:4      | Noticed a phantom
  2177 | D:4      | Killed a phantom
  2178 | D:4      | Reached XP level 5. HP: 17/47 MP: 4/4
  2469 | D:4      | Found a shadowy altar of Dithmenos.
  2593 | D:3      | Reached skill level 5 in Fighting
  2638 | D:4      | Reached skill level 5 in Armour
  2638 | D:4      | Reached skill level 5 in Shields
  2971 | D:4      | Reached XP level 6. HP: 45/56 MP: 5/5
  3146 | D:4      | Found Daamegug's Magic Scroll Emporium.
  3149 | D:4      | Bought 2 scrolls of teleportation for 78 gold pieces
  3272 | D:4      | Reached skill level 1 in Dodging
  3471 | D:2      | Killed Robin
  3584 | D:2      | Reached skill level 5 in Maces & Flails
  4013 | D:5      | Entered Level 5 of the Dungeon
  4105 | D:5      | Reached XP level 7. HP: 51/61 MP: 6/6
  4242 | D:5      | Reached skill level 6 in Armour
  4733 | D:5      | Reached XP level 8. HP: 65/68 MP: 7/7
  5355 | D:6      | Reached skill level 7 in Armour
  5492 | D:6      | Found a burning altar of Makhleb.
  6354 | D:7      | Found a flagged portal.
  6395 | Bailey   | Entered a bailey
  6413 | Bailey   | Reached skill level 5 in Dodging
  6432 | Bailey   | Identified 2 scrolls of acquirement
  6432 | Bailey   | Acquired the +1 hat "Xaseuham" {rPois rN+++ Regen+ Stlth+}
  6574 | Bailey   | Noticed an orc knight
  6617 | Bailey   | Reached XP level 9. HP: 61/74 MP: 5/8
  6650 | Bailey   | Killed an orc knight
  6651 | Bailey   | Reached skill level 10 in Maces & Flails
  6651 | Bailey   | Reached skill level 8 in Armour
  6719 | Bailey   | Noticed an orc knight
  6720 | Bailey   | Noticed an orc knight
  6748 | Bailey   | Killed an orc knight
  6753 | Bailey   | Killed an orc knight
  6754 | Bailey   | Reached skill level 9 in Armour
  6805 | Bailey   | Noticed an orc knight
  6866 | Bailey   | Killed an orc knight
  6867 | Bailey   | Reached XP level 10. HP: 7/81 MP: 2/9
  6994 | Bailey   | Acquired 965 gold pieces
  7345 | D:7      | Found a staircase to the Ecumenical Temple.
  7668 | Temple   | Entered the Ecumenical Temple
  7780 | D:8      | Noticed Maurice
  7782 | D:8      | Noticed Maggie
  7788 | D:8      | Reached skill level 10 in Armour
  7811 | D:8      | Killed Maggie
  7830 | D:8      | Something stole a ring of poison resistance
  7831 | D:8      | Something stole a +3 spear
  7851 | D:8      | Something stole a +0 buckler
  7855 | D:8      | Killed Maurice
  8903 | D:9      | Found Kauk's Distillery.
  8918 | D:9      | Bought a potion of curing for 45 gold pieces
  8918 | D:9      | Bought a potion of curing for 45 gold pieces
  9022 | D:9      | Noticed a cyclops
  9038 | D:9      | Killed a cyclops
  9339 | D:9      | Found an opulent altar of Gozag.
  9342 | D:9      | Found an ornate altar of the Wu Jian Council.
  9435 | D:9      | Noticed Psyche
  9452 | D:9      | Killed Psyche
  9453 | D:9      | Reached XP level 11. HP: 55/86 MP: 6/10
  9704 | D:10     | Entered Level 10 of the Dungeon
  9905 | D:10     | Reached skill level 11 in Armour
  9984 | D:10     | Noticed a two-headed ogre
 10019 | D:10     | Killed a two-headed ogre
 10106 | D:10     | Found Soecy's Antique Armour Shoppe.
 10122 | D:10     | Bought a jewelled chain mail for 266 gold pieces
 10122 | D:10     | Identified the +6 chain mail of Segheov {rElec rC+ Dex+3}
                  | (You bought it in a shop on level 10 of the Dungeon)
 10447 | D:11     | Reached skill level 1 in Evocations
 10807 | D:11     | Reached skill level 12 in Armour
 10971 | D:11     | Found a staircase to the Lair.
 10975 | Lair:1   | Entered Level 1 of the Lair of Beasts
 11340 | Lair:1   | Noticed Erica
 11355 | Lair:1   | Killed Erica
 11478 | Lair:1   | Found a blossoming altar of Fedhas.
 11499 | Lair:1   | Noticed an oklob plant
 11629 | Lair:1   | Found the +7 staff of the Meek {protect, meekguard}
 11658 | Lair:1   | Reached XP level 12. HP: 93/95 MP: 11/11
 12000 | Lair:2   | Noticed Gastronok
 12018 | Lair:2   | Killed Gastronok
 12182 | Lair:2   | Reached skill level 13 in Armour
 12182 | Lair:2   | Reached skill level 5 in Evocations
 12513 | Lair:3   | Noticed a death yak
 12514 | Lair:3   | Noticed a death yak
 12514 | Lair:3   | Noticed a death yak
 12519 | Lair:3   | Noticed a death yak
 12521 | Lair:3   | Noticed a death yak
 12523 | Lair:3   | Noticed a death yak
 12553 | Lair:2   | Killed a death yak
 12590 | Lair:2   | Killed a death yak
 12659 | Lair:1   | Killed a death yak
 12742 | Lair:1   | Killed a death yak
 12757 | Lair:1   | Killed a death yak
 12819 | Lair:2   | Reached skill level 10 in Shields
 12839 | Lair:2   | Killed a death yak
 13088 | Lair:3   | Noticed an eight-headed hydra
 13104 | Lair:3   | Killed an eight-headed hydra
 13116 | Lair:3   | Identified the maw talisman of Inquiry {rN++ Int-5 Dex+6}
 13157 | Lair:3   | Found a staircase to the Snake Pit.
 13234 | Lair:4   | Reached XP level 13. HP: 103/107 MP: 12/12
 13460 | Lair:4   | Reached skill level 14 in Armour
 13550 | Lair:4   | Found a shimmering altar of Xom.
 13660 | Lair:4   | Gained mutation: You have sharp toenails. [potion of
                  | mutation]
 13660 | Lair:4   | Gained mutation: You occasionally lose the ability to drink
                  | potions when taking damage. [potion of mutation]
 13662 | Lair:4   | Lost mutation: You occasionally lose the ability to drink
                  | potions when taking damage. [potion of mutation]
 13662 | Lair:4   | Lost mutation: You have sharp toenails. [potion of
                  | mutation]
 13662 | Lair:4   | Gained mutation: Potions are less effective at restoring
                  | your health. [potion of mutation]
 13662 | Lair:4   | Gained mutation: Your muscles are strong. (Str +4, Int/Dex
                  | -1) [potion of mutation]
 13662 | Lair:4   | Gained mutation: Your flesh is cold resistant. (rC+)
                  | [potion of mutation]
 13873 | Lair:4   | Found a runed translucent gate.
 13902 | Lair:4   | Found a runed translucent gate.
 13902 | Lair:4   | Found a runed translucent gate.
 13916 | Lair:4   | Noticed porpoise's ghost (journeyman BaHu)
 14192 | Lair:5   | Entered Level 5 of the Lair of Beasts
 14448 | Lair:4   | Reached skill level 15 in Maces & Flails
 14530 | Lair:5   | Found a staircase to the Slime Pits.
 14550 | Lair:5   | Found a viscous altar of Jiyva.
 14563 | Lair:5   | Became a worshipper of Jiyva Jatwikk the Shapeless
 14638 | Lair:5   | Reached skill level 10 in Fighting
 14764 | Lair:5   | Reached skill level 15 in Armour
 15015 | Lair:5   | Reached * piety under Jiyva
 15136 | Lair:5   | Reached XP level 14. HP: 124/124 MP: 13/13
 15426 | Lair:5   | Found a large runed translucent door.
 15434 | Lair:5   | Found a large runed translucent door.
 16179 | Lair:3   | Found a staircase to the Swamp.
 16294 | Lair:3   | Reached ** piety under Jiyva
 16655 | Lair:3   | Learned a level 4 spell: Animate Dead
 17003 | D:12     | Reached skill level 16 in Armour
 17047 | D:12     | Found a staircase to the Orcish Mines.
 17252 | D:12     | Found Puqosaas's Self-Improvement Boutique.
 17606 | D:12     | Reached *** piety under Jiyva
 17805 | Orc:1    | Entered Level 1 of the Orcish Mines
 17805 | Orc:1    | Lost mutation: Potions are less effective at restoring your
                  | health. [Jiyva's grace]
 17805 | Orc:1    | Gained mutation: You are partially covered in iridescent
                  | scales. (AC +2) [Jiyva's grace]
 17805 | Orc:1    | Gained mutation: You are mostly covered in iridescent
                  | scales. (AC +4) [Jiyva's grace]
 17805 | Orc:1    | Gained mutation: You are completely covered in iridescent
                  | scales. (AC +6) [Jiyva's grace]
 17805 | Orc:1    | Gained mutation: Your melee attacks may engulf your foes in
                  | ooze. [Jiyva's grace]
 18378 | Orc:2    | Entered Level 2 of the Orcish Mines
 18434 | Orc:2    | Reached **** piety under Jiyva
 18665 | Orc:2    | Reached skill level 1 in Spellcasting
 18709 | Orc:2    | Reached skill level 17 in Armour
 18717 | Orc:2    | Reached skill level 1 in Necromancy
 19049 | D:10     | Bought a pair of glowing boots for 210 gold pieces
 19723 | Orc:2    | Reached ***** piety under Jiyva
 19771 | Orc:2    | Reached XP level 15. HP: 134/134 MP: 17/17
 19804 | Orc:2    | Lost mutation: Your flesh is cold resistant. (rC+) [Jiyva's
                  | grace]
 19804 | Orc:2    | Gained mutation: You have acidic saliva. [Jiyva's grace]
 19804 | Orc:2    | Gained mutation: Your muscles are very strong. (Str +8,
                  | Int/Dex -2) [Jiyva's grace]
 19804 | Orc:2    | Gained mutation: You have large cloven feet. [Jiyva's
                  | grace]
 19804 | Orc:2    | Gained mutation: You have hoof-like feet. [Jiyva's grace]
 19948 | Orc:2    | Found Nouziok's Antique Armour Boutique.
 19949 | Orc:2    | Found Ymeikua's Assorted Antiques.
 19949 | Orc:2    | Found Efunnyid's Distillery.
 19949 | Orc:2    | Found Puex Mio's Weapon Emporium.
 19950 | Orc:2    | Found a staircase to the Elven Halls.
 19958 | Orc:2    | Bought a potion of curing for 51 gold pieces
 19958 | Orc:2    | Bought a potion of curing for 51 gold pieces
 19958 | Orc:2    | Bought a potion of heal wounds for 85 gold pieces
 20131 | Elf:1    | Entered Level 1 of the Elven Halls
 20453 | D:9      | Bought a potion of experience for 750 gold pieces
 20453 | D:9      | Bought 2 potions of heal wounds for 150 gold pieces
 20454 | D:9      | Reached XP level 16. HP: 143/143 MP: 18/20
 21014 | D:14     | Reached ****** piety under Jiyva
 21014 | D:14     | Lost mutation: You have hoof-like feet. [Jiyva's grace]
 21014 | D:14     | Lost mutation: Your muscles are very strong. (Str +8,
                  | Int/Dex -2) [Jiyva's grace]
 21014 | D:14     | Lost mutation: Your muscles are strong. (Str +4, Int/Dex
                  | -1) [Jiyva's grace]
 21014 | D:14     | Gained mutation: You have hidden genetic potential.
                  | [Jiyva's grace]
 21014 | D:14     | Gained mutation: You have great hidden genetic potential.
                  | [Jiyva's grace]
 21014 | D:14     | Gained mutation: You are covered in slimy tendrils that may
                  | disarm your opponents. [Jiyva's grace]
 21014 | D:14     | Gained mutation: Your mind is acute. (Int +4, Str/Dex -1)
                  | [Jiyva's grace]
 21113 | D:13     | Reached skill level 18 in Armour
 21483 | D:14     | Identified the granite talisman of Minor Irritation {rF+
                  | rN+ rCorr Dex+3}
 21483 | D:14     | Noticed Roxanne
 21604 | D:14     | Found a frozen archway.
 21623 | IceCv    | Entered an ice cave
 21715 | IceCv    | Identified the -1 pair of boots of Tipothr Kuma {Str-4
                  | Int+2 SInv}
 21716 | IceCv    | Identified the ring "Qeitar" {Will+ Slay+3}
 21839 | IceCv    | Found a viscous altar of Jiyva.
 21851 | IceCv    | Identified the ring of the Failed Coup {rF+ Str+2 Int+2
                  | SInv}
 21860 | IceCv    | Got the ring "Yviofi" {rC+ rCorr Str+6}
 22014 | D:14     | Reached skill level 5 in Spellcasting
 22030 | D:14     | Reached skill level 5 in Necromancy
 22136 | D:14     | Found a gate to the Vaults.
 22351 | D:15     | Entered Level 15 of the Dungeon
 22355 | D:15     | Found Zuteeh's General Store.
 22368 | D:15     | Bought a potion of curing for 48 gold pieces
 22368 | D:15     | Bought a potion of heal wounds for 80 gold pieces
 22638 | Slime:1  | Entered Level 1 of the Pits of Slime
 22652 | Slime:2  | Noticed an acid blob
 22680 | Slime:5  | Entered Level 5 of the Pits of Slime
 22680 | Slime:5  | Noticed an acid blob
 22689 | Slime:5  | Noticed an acid blob
 22695 | Slime:5  | Noticed an acid blob
 22697 | Slime:5  | Noticed an acid blob
 22698 | Slime:5  | Noticed an acid blob
 22698 | Slime:5  | Noticed an acid blob
 22703 | Slime:5  | Noticed an acid blob
 22803 | Slime:5  | Noticed an acid blob
 22882 | Slime:5  | Noticed an acid blob
 22893 | Slime:5  | Noticed the Royal Jelly
 22946 | Slime:5  | Found a viscous altar of Jiyva.
 22950 | Slime:5  | Noticed an acid blob
 22955 | Slime:5  | Found the +1 robe of Vines {NoPotionHeal Regen++++}
 22962 | Slime:5  | Got a slimy rune of Zot
 22966 | Slime:5  | Got the Secrets of Collective Transmogrification
 22970 | Slime:5  | Got the Treatise on the Singed Barrage
 22978 | Slime:5  | Got Sif Muna's Papyrus of Underground Austromancy
 22979 | Slime:5  | Identified the ring "Ejeusoa" {rF+ Str+5}
 22993 | Slime:5  | Identified the staff of Jiprau {rPois rF+ rN+++ rCorr Int+2
                  | Fire}
 22999 | Slime:5  | Got Qushal's Cyclopedia of Momentum
 23162 | Snake:1  | Entered Level 1 of the Snake Pit
 23658 | Snake:2  | Lost mutation: You have large cloven feet. [Jiyva's grace]
 23658 | Snake:2  | Lost mutation: You have great hidden genetic potential.
                  | [Jiyva's grace]
 23658 | Snake:2  | Gained mutation: You have a small jelly attached to you
                  | that senses nearby items. [Jiyva's grace]
 23658 | Snake:2  | Gained mutation: Your mind is very acute. (Int +8, Str/Dex
                  | -2) [Jiyva's grace]
 23658 | Snake:2  | Gained mutation: You have a pair of large horns on your
                  | head. [Jiyva's grace]
 23658 | Snake:2  | Gained mutation: Your rubbery body absorbs attacks. (AC +1,
                  | EV +1) [Jiyva's grace]
 24180 | Snake:2  | Reached XP level 17. HP: 147/151 MP: 23/25
 25082 | Snake:3  | Gained mutation: You have a somewhat thin skeletal
                  | structure. (Dex +2, Stealth+) [hidden potential]
 25367 | Snake:3  | Reached skill level 19 in Armour
 25534 | Snake:3  | Found Izxety Xean's Book Emporium.
 25535 | Snake:3  | Found Qoumac's Jewellery Shop.
 25535 | Snake:3  | Found Itudual's Jewellery Shop.
 25558 | Snake:3  | Noticed Donald
 25580 | Snake:3  | Killed Donald
 25821 | Snake:4  | Entered Level 4 of the Snake Pit
 26067 | Swamp:1  | Entered Level 1 of the Swamp
 26127 | Swamp:1  | Reached skill level 15 in Fighting
 26285 | Swamp:2  | Lost mutation: You are completely covered in iridescent
                  | scales. (AC +6) [Jiyva's grace]
 26285 | Swamp:2  | Lost mutation: You have acidic saliva. [Jiyva's grace]
 26285 | Swamp:2  | Lost mutation: Your rubbery body absorbs attacks. (AC +1,
                  | EV +1) [Jiyva's grace]
 26285 | Swamp:2  | Gained mutation: You have acidic saliva. [Jiyva's grace]
 26285 | Swamp:2  | Gained mutation: You are agile. (Dex +4, Str/Int -1)
                  | [Jiyva's grace]
 26285 | Swamp:2  | Gained mutation: You are very agile. (Dex +8, Str/Int -2)
                  | [Jiyva's grace]
 26285 | Swamp:2  | Lost mutation: You have hidden genetic potential. [Jiyva's
                  | grace]
 26285 | Swamp:2  | Gained mutation: You are somewhat resistant to further
                  | mutation. [Jiyva's grace]
 26493 | Swamp:1  | Identified the +3 quarterstaff of Anger {venom, rC+}
 26794 | Vaults:1 | Entered Level 1 of the Vaults
 27116 | D:14     | Killed Roxanne
 27476 | D:15     | Found a glowing golden altar of the Shining One.
 27529 | D:15     | Found a staircase to the Depths.
 27536 | D:15     | Reached skill level 10 in Dodging
 27857 | D:15     | Reached XP level 18. HP: 165/165 MP: 28/28
 28558 | Elf:1    | Paralysed by an air elemental for 1 turns
 28584 | Elf:1    | Reached skill level 20 in Armour
 28697 | Elf:1    | Noticed Norris
 28739 | Elf:1    | Killed Norris
 29039 | Elf:1    | Gained mutation: You are strong-willed. (Will+) [Jiyva's
                  | grace]
 29039 | Elf:1    | Gained mutation: You are highly strong-willed. (Will++)
                  | [Jiyva's grace]
 29039 | Elf:1    | Gained mutation: You are extremely strong-willed. (Will+++)
                  | [Jiyva's grace]
 29039 | Elf:1    | Gained mutation: Your body has grown eyes which may confuse
                  | attackers. (Acc +3) [Jiyva's grace]
 29501 | Elf:2    | Paralysed by an air elemental for 1 turns
 29508 | Elf:2    | Paralysed by an air elemental for 1 turns
 29514 | Elf:2    | Paralysed by an air elemental for 1 turns
 29533 | Elf:2    | Paralysed by an air elemental for 1 turns
 29537 | Elf:2    | Paralysed by an air elemental for 1 turns
 29617 | Elf:2    | Found Jaegreff's Magic Scroll Shop.
 29630 | Elf:2    | Bought a scroll of blinking for 97 gold pieces
 29630 | Elf:2    | Bought a scroll of enchant armour for 97 gold pieces
 29630 | Elf:2    | Bought a scroll of fear for 52 gold pieces
 29831 | Elf:2    | Found a huge runed translucent gate.
 29831 | Elf:2    | Found a huge runed translucent gate.
 29831 | Elf:2    | Found a huge runed translucent gate.
 29833 | Elf:2    | Found a huge runed translucent gate.
 29834 | Elf:2    | Found a huge runed translucent gate.
 30533 | Snake:4  | Noticed Kirke
 30537 | Snake:3  | Slimified Kirke
 30537 | Snake:3  | Kirke changed into Kirke the acid blob
 30537 | Snake:3  | Noticed Kirke
 31748 | Snake:3  | Learned a level 6 spell: Death Channel
 31857 | Snake:4  | Reached XP level 19. HP: 178/178 MP: 30/30
 32060 | Snake:4  | Got a serpentine rune of Zot
 32460 | Snake:4  | Got the Almanac of Corruption
 32479 | Snake:4  | Identified the +5 ring mail of Leeliabi {rF- rC- rCorr
                  | SInv}
 32859 | Depths:1 | Entered Level 1 of the Depths
 32859 | Depths:1 | Found a one-way gateway to a ziggurat.
 33568 | Swamp:2  | Lost mutation: You have a pair of large horns on your head.
                  | [Jiyva's grace]
 33568 | Swamp:2  | Lost mutation: You have a somewhat thin skeletal structure.
                  | (Dex +2, Stealth+) [Jiyva's grace]
 33568 | Swamp:2  | Lost mutation: Your mind is very acute. (Int +8, Str/Dex
                  | -2) [Jiyva's grace]
 33568 | Swamp:2  | Lost mutation: Your mind is acute. (Int +4, Str/Dex -1)
                  | [Jiyva's grace]
 33568 | Swamp:2  | Lost mutation: You are extremely strong-willed. (Will+++)
                  | [Jiyva's grace]
 33568 | Swamp:2  | Lost mutation: You are highly strong-willed. (Will++)
                  | [Jiyva's grace]
 33568 | Swamp:2  | Lost mutation: You have acidic saliva. [Jiyva's grace]
 33568 | Swamp:2  | Lost mutation: Your melee attacks may engulf your foes in
                  | ooze. [Jiyva's grace]
 33568 | Swamp:2  | Gained mutation: Your body has grown many eyes which may
                  | confuse attackers. (Acc +5) [Jiyva's grace]
 33568 | Swamp:2  | Gained mutation: Your body is covered in eyes which may
                  | confuse attackers. (Acc +7, SInv) [Jiyva's grace]
 33568 | Swamp:2  | Gained mutation: You possess an exceptional clarity of
                  | mind. [Jiyva's grace]
 33568 | Swamp:2  | Gained mutation: Armour fits poorly on your pseudopods.
                  | [Jiyva's grace]
 34478 | Vaults:2 | Found Biffoqem's Antique Armour Shoppe.
 34484 | Vaults:2 | Bought a bloodstained buckler for 256 gold pieces
 34484 | Vaults:2 | Identified the +2 buckler "Xeyciy" {rC+ Int+3 Slay+3} (You
                  | bought it in a shop on level 2 of the Vaults)
 34526 | Vaults:2 | Identified the serpent talisman of the Game Afoot {rPois
                  | rN+ Will- Int+2}
 34526 | Vaults:2 | Noticed Aizul
 34554 | Vaults:2 | Killed Aizul
 34555 | Vaults:2 | Reached skill level 15 in Shields
 34980 | Vaults:1 | Identified the ring "Etou" {rF+ rC+ Int+3}
 35930 | Vaults:2 | Identified the +9 spear of the Final Decision {spect, rElec
                  | rF+ MP-9 Int+4}
 36569 | Vaults:3 | Reached XP level 20. HP: 191/191 MP: 32/32
 36616 | Vaults:3 | Lost mutation: You are very agile. (Dex +8, Str/Int -2)
                  | [Jiyva's grace]
 36616 | Vaults:3 | Lost mutation: You possess an exceptional clarity of mind.
                  | [Jiyva's grace]
 36616 | Vaults:3 | Lost mutation: You are strong-willed. (Will+) [Jiyva's
                  | grace]
 36616 | Vaults:3 | Lost mutation: Your body is covered in eyes which may
                  | confuse attackers. (Acc +7, SInv) [Jiyva's grace]
 36616 | Vaults:3 | Lost mutation: You have a small jelly attached to you that
                  | senses nearby items. [Jiyva's grace]
 36616 | Vaults:3 | Gained mutation: Your rubbery body absorbs attacks. (AC +1,
                  | EV +1) [Jiyva's grace]
 36616 | Vaults:3 | Gained mutation: Your pliable body absorbs attacks. (AC +2,
                  | EV +2) [Jiyva's grace]
 36616 | Vaults:3 | Gained mutation: Your gelatinous body deflects attacks. (AC
                  | +3, EV +3) [Jiyva's grace]
 36616 | Vaults:3 | Gained mutation: You passively map a small area around you.
                  | [Jiyva's grace]
 37031 | Vaults:3 | Reached skill level 21 in Armour
 37644 | Elf:3    | Entered Level 3 of the Elven Halls
 37772 | Elf:3    | Reached skill level 10 in Spellcasting
 38336 | Elf:3    | Identified the +2 glaive "Ocieqag" {venom, *Noise Fly rElec
                  | Str+6}
 38415 | Elf:3    | Identified the ring "Teaterao" {Contam rF+ rN+ Int+2}
 38446 | Elf:3    | Identified the ring "Mere Veb" {rCorr Dex+6}
 38467 | Elf:3    | Identified the staff "Tinkyar" {rElec MP+9 Conj Air}
 39483 | Swamp:3  | Gained mutation: You are covered in fur. (AC +1) [Jiyva's
                  | grace]
 39483 | Swamp:3  | Gained mutation: You are covered in thick fur. (AC +2)
                  | [Jiyva's grace]
 39483 | Swamp:3  | Gained mutation: Your thick and shaggy fur keeps you warm.
                  | (AC +3, rC+) [Jiyva's grace]
 39483 | Swamp:3  | Gained mutation: You are robust. (+10% HP) [Jiyva's grace]
 39646 | Swamp:4  | Entered Level 4 of the Swamp
 39811 | Swamp:4  | Noticed the 27-headed Lernaean hydra
 39818 | Swamp:4  | Killed the 27-headed Lernaean hydra
 40011 | Swamp:4  | Reached XP level 21. HP: 209/217 MP: 32/34
 40060 | Swamp:4  | Reached skill level 22 in Armour
 40298 | Swamp:4  | Got a decaying rune of Zot
 40702 | Elf:3    | Identified the ring of Ullemaod {rElec MP+9 Str+2 Int+6
                  | Dex-2}
 41944 | Vaults:4 | Found a magical portal.
 41952 | WizLab   | Entered Eringya's Formal Garden
 42123 | WizLab   | Identified the staff of Turmoil {rElec Int+3 Air}
 42191 | WizLab   | Got the Writings on Vitiation and the Gestalt
 42426 | WizLab   | Found a blossoming altar of Fedhas.
 42647 | Vaults:4 | Lost mutation: You are agile. (Dex +4, Str/Int -1) [Jiyva's
                  | grace]
 42647 | Vaults:4 | Lost mutation: You are somewhat resistant to further
                  | mutation. [Jiyva's grace]
 42647 | Vaults:4 | Lost mutation: Your thick and shaggy fur keeps you warm.
                  | (AC +3, rC+) [Jiyva's grace]
 42647 | Vaults:4 | Lost mutation: Your gelatinous body deflects attacks. (AC
                  | +3, EV +3) [Jiyva's grace]
 42647 | Vaults:4 | Lost mutation: Your pliable body absorbs attacks. (AC +2,
                  | EV +2) [Jiyva's grace]
 42647 | Vaults:4 | Lost mutation: Your rubbery body absorbs attacks. (AC +1,
                  | EV +1) [Jiyva's grace]
 42647 | Vaults:4 | Gained mutation: Your body is covered in eyes which may
                  | confuse attackers. (Acc +7, SInv) [Jiyva's grace]
 42647 | Vaults:4 | Gained mutation: You are agile. (Dex +4, Str/Int -1)
                  | [Jiyva's grace]
 42647 | Vaults:4 | Gained mutation: You are very agile. (Dex +8, Str/Int -2)
                  | [Jiyva's grace]
 42647 | Vaults:4 | Gained mutation: Your spells are a little harder to cast,
                  | but a little more powerful. [Jiyva's grace]
 43183 | Elf:2    | Bought a scroll of enchant weapon for 97 gold pieces
 43183 | Elf:2    | Bought a scroll of enchant weapon for 97 gold pieces
 43443 | Depths:1 | Found a sparkling altar of Nemelex Xobeh.
 43597 | Depths:1 | Learned a level 4 spell: Dispel Undead
 43647 | Depths:1 | Found a one-way gate leading to the halls of Pandemonium.
 43777 | Depths:1 | Found a gateway to Hell.
 44055 | Depths:2 | Found Ystue's General Store.
 44057 | Depths:2 | Found Vilu's Assorted Antiques.
 44058 | Depths:2 | Found Diow's Book Shop.
 44062 | Depths:2 | Found Xagobat's Book Boutique.
 44216 | Depths:2 | Reached skill level 23 in Armour
 44676 | Depths:3 | Noticed the Enchantress
 44729 | Depths:3 | Reached XP level 22. HP: 168/229 MP: 23/36
 44739 | Abyss:3  | Cast into level 3 of the Abyss (the Enchantress)
 44755 | Abyss:3  | Found a corrupted altar of Lugonu.
 44835 | Abyss:3  | Found a corrupted altar of Lugonu.
 44945 | Abyss:3  | Found a corrupted altar of Lugonu.
 45043 | Abyss:3  | Noticed an ancient lich
 45054 | Abyss:3  | Killed an ancient lich
 45068 | Abyss:3  | Got an abyssal rune of Zot
 45088 | Abyss:3  | Found a corrupted altar of Lugonu.
 45093 | Depths:3 | Escaped the Abyss
 45112 | Depths:2 | Killed the Enchantress
 45440 | Vaults:4 | Lost mutation: You are mostly covered in iridescent scales.
                  | (AC +4) [Jiyva's grace]
 45440 | Vaults:4 | Lost mutation: You are covered in thick fur. (AC +2)
                  | [Jiyva's grace]
 45440 | Vaults:4 | Lost mutation: You are covered in fur. (AC +1) [Jiyva's
                  | grace]
 45440 | Vaults:4 | Gained mutation: You have large cloven feet. [Jiyva's
                  | grace]
 45440 | Vaults:4 | Gained mutation: You have hoof-like feet. [Jiyva's grace]
 45440 | Vaults:4 | Gained mutation: You have hooves in place of feet. [Jiyva's
                  | grace]
 45440 | Vaults:4 | Gained mutation: You have acidic saliva. [Jiyva's grace]
 45459 | Vaults:5 | Entered Level 5 of the Vaults
 45593 | Vaults:5 | Noticed a golden dragon
 45881 | Vaults:5 | Noticed Mennas
 45888 | Vaults:4 | Killed a golden dragon
 46302 | Hell     | Entered the Vestibule of Hell
 46302 | Hell     | Noticed Geryon
 46313 | Hell     | Killed Geryon
 46526 | Depths:3 | Found a corrupted altar of Lugonu.
 46527 | Depths:3 | Found a one-way gate to the infinite horrors of the Abyss.
 46529 | Depths:3 | Noticed a golden dragon
 46567 | Depths:3 | Killed a golden dragon
 46636 | Depths:3 | Got Sif Muna's Discursus on Galvanic Peregrination
 46797 | Depths:3 | Identified the +6 dagger of the Puffin {freeze, rC+ SInv}
 46835 | Depths:3 | Reached skill level 24 in Armour
 46862 | Depths:3 | Reached skill level 10 in Necromancy
 47020 | Depths:2 | Reached XP level 23. HP: 181/242 MP: 29/38
 47222 | Depths:2 | Identified the +4 sling of Agufibb {antimagic, *Slow rN++}
 47413 | Hell     | Noticed Murray
 47974 | Hell     | Found a gateway to the Iron City of Dis.
 48179 | Hell     | Killed Murray
 48280 | Hell     | Lost mutation: You have hooves in place of feet. [Jiyva's
                  | grace]
 48280 | Hell     | Lost mutation: You are very agile. (Dex +8, Str/Int -2)
                  | [Jiyva's grace]
 48280 | Hell     | Lost mutation: You are robust. (+10% HP) [Jiyva's grace]
 48280 | Hell     | Lost mutation: You have acidic saliva. [Jiyva's grace]
 48280 | Hell     | Lost mutation: You are covered in slimy tendrils that may
                  | disarm your opponents. [Jiyva's grace]
 48280 | Hell     | Gained mutation: Your translucent skin slightly reduces
                  | your foes' accuracy. (Stealth+) [Jiyva's grace]
 48280 | Hell     | Gained mutation: Your translucent skin reduces your foes'
                  | accuracy. (Stealth+) [Jiyva's grace]
 48280 | Hell     | Gained mutation: Your transparent skin significantly
                  | reduces your foes' accuracy. (Stealth+) [Jiyva's grace]
 48280 | Hell     | Gained mutation: You have a small jelly attached to you
                  | that senses nearby items. [Jiyva's grace]
 48280 | Hell     | Found a gateway to the ashen valley of Gehenna.
 48366 | Hell     | Found a gateway to the decaying netherworld of Tartarus.
 48501 | Hell     | Found a gateway to the freezing wastes of Cocytus.
 48759 | Coc:1    | Entered Level 1 of Cocytus
 48979 | Depths:4 | Entered Level 4 of the Depths
 49241 | Depths:4 | Reached skill level 25 in Armour
 50051 | Depths:4 | Found a gate to the Realm of Zot.
 50396 | Zot:1    | Entered Level 1 of the Realm of Zot
 50438 | Zot:1    | Identified the ring "Ufyarr" {Ice Str+5}
 50438 | Zot:1    | Noticed Josephina
 50458 | Zot:1    | Killed Josephina
 50537 | Zot:1    | Reached XP level 24. HP: 232/232 MP: 38/38
 51128 | Zot:1    | Identified the ring "Misy" {MP+9 Dex+4}
 51533 | Zot:2    | Lost mutation: Your body is covered in eyes which may
                  | confuse attackers. (Acc +7, SInv) [Jiyva's grace]
 51533 | Zot:2    | Lost mutation: Your transparent skin significantly reduces
                  | your foes' accuracy. (Stealth+) [Jiyva's grace]
 51533 | Zot:2    | Lost mutation: You have hoof-like feet. [Jiyva's grace]
 51533 | Zot:2    | Lost mutation: You have large cloven feet. [Jiyva's grace]
 51533 | Zot:2    | Gained mutation: You have sharp toenails. [Jiyva's grace]
 51533 | Zot:2    | Gained mutation: You have razor-sharp toenails. [Jiyva's
                  | grace]
 51533 | Zot:2    | Gained mutation: You have claws for feet. [Jiyva's grace]
 51533 | Zot:2    | Gained mutation: You expend magic power (3 MP) to
                  | strengthen your wands. [Jiyva's grace]
 51618 | Zot:2    | Lost mutation: You have a small jelly attached to you that
                  | senses nearby items. [potion of mutation]
 51618 | Zot:2    | Lost mutation: Your spells are a little harder to cast, but
                  | a little more powerful. [potion of mutation]
 51811 | Zot:2    | Found a runed translucent gate.
 51812 | Zot:2    | Found a runed translucent gate.
 51813 | Zot:2    | Found a runed translucent gate.
 51820 | Zot:2    | Noticed Giurur's ghost (veteran OgBe)
 52035 | Zot:3    | Noticed a Killer Klown
 52051 | Zot:3    | Killed a Killer Klown
 52283 | Zot:3    | Identified the +2 scale mail of Subjectivity {Rampage Will+
                  | SInv}
 52604 | Zot:4    | Lost mutation: Your body has grown many eyes which may
                  | confuse attackers. (Acc +5) [potion of mutation]
 52604 | Zot:4    | Lost mutation: Your body has grown eyes which may confuse
                  | attackers. (Acc +3) [potion of mutation]
 52604 | Zot:4    | Gained mutation: You are vulnerable to heat. (rF-) [potion
                  | of mutation]
 52604 | Zot:4    | Lost mutation: You have claws for feet. [potion of
                  | mutation]
 52604 | Zot:4    | Lost mutation: You expend magic power (3 MP) to strengthen
                  | your wands. [potion of mutation]
 52604 | Zot:4    | Gained mutation: You possess an exceptional clarity of
                  | mind. [potion of mutation]
 52606 | Zot:4    | Lost mutation: You possess an exceptional clarity of mind.
                  | [potion of mutation]
 52606 | Zot:4    | Lost mutation: You are partially covered in iridescent
                  | scales. (AC +2) [potion of mutation]
 52606 | Zot:4    | Lost mutation: Your translucent skin reduces your foes'
                  | accuracy. (Stealth+) [potion of mutation]
 52606 | Zot:4    | Gained mutation: You have claws for feet. [potion of
                  | mutation]
 52608 | Zot:4    | Lost mutation: You passively map a small area around you.
                  | [potion of mutation]
 52608 | Zot:4    | Lost mutation: You are agile. (Dex +4, Str/Int -1) [potion
                  | of mutation]
 52608 | Zot:4    | Gained mutation: You are weak. (Str -2) [potion of
                  | mutation]
 52608 | Zot:4    | Gained mutation: You are dopey. (Int -2) [potion of
                  | mutation]
 52753 | Zot:4    | Found a huge runed gate.
 52757 | Zot:4    | Found a huge runed gate.
 52757 | Zot:4    | Found a huge runed gate.
 52757 | Zot:4    | Found a huge runed gate.
 52757 | Zot:4    | Found a huge runed gate.
 52779 | Zot:5    | Entered Level 5 of the Realm of Zot
 53070 | Zot:5    | Noticed an orb of fire
 53075 | Zot:5    | Noticed an ancient lich
 53082 | Zot:5    | Noticed an orb of fire
 53082 | Zot:5    | Noticed an ancient lich
 53086 | Zot:5    | HP: 6/235 [orb of fire/fireball (33)]
 53086 | Zot:5    | HP: 1/235 [orb of fire (5)]
 53086 | Zot:5    | Noticed an ancient lich
 53087 | Zot:5    | Killed from afar by a quicksilver dragon

Illustrated notes

Levels and vault maps discovered:
D:1:      ldierk_walled_garden_2, layout_basic, kennysheep_flooded_box
D:2:      layout_rooms, minmay_splitting_lines, uniq_robin
D:3:      layout_loops_corners, serial_co_window_serial, co_window_paths_a,
          co_window_paths_a, co_window_paths_a, co_window_of_opportunity_a,
          co_window_paths_a, co_window_paths_a, co_window_paths_a,
          co_window_corner_a, co_window_paths_a, co_window_broadway_a,
          co_window_of_opportunity_b, co_window_cross_2,
          co_window_unsneaky_path_c, co_window_2corner, co_window_2corner,
          co_window_4corner_a, co_window_paths_e, glass_columns_a,
          glass_columns_a, ebering_ecumenical_altar_ruins
D:4:      nicolae_cairo_tiling_large, layout_basic, grunt_dithmenos_smoke,
          serial_shops, nicolae_shop_rolled_up
D:5:      layout_basic, nrook_mini_backslash, grunt_ministairs_14
D:6:      layout_basic, kennysheep_mini_moat, minmay_misc_feat_x, st_stairs_12
D:7:      layout_cave_pods, minmay_temple_entry_glassed_door, enter_bailey_4,
          grunt_ministairs_5
D:8:      layout_basic, uniq_maggie, uniq_maurice
D:9:      layout_roguey, nicolae_overflow_hidden_temple, nicolae_stop_n_shop_1,
          uniq_psyche
D:10:     layout_basic, serial_shops, nicolae_shop_overgrown_old_shop,
          minmay_circle_x
D:11:     layout_loops_cross, lair_entry_dummy, grunt_livestock
D:12:     layout_long_grid, minmay_orc_entry_temple_small,
          nicolae_shop_self_help
D:13:     layout_roguey
D:14:     layout_cave_pools, grunt_vaults_entry_tiered, serial_park_gazebo
          [serial_park_minivault_5x5_8], portal_ice_cave_entry_ice_simulacra,
          dk_noncrumbling_3, grunt_ministairs_10, uniq_roxanne
D:15:     gammafunk_depths_entry_grave, layout_irregular_city, serial_shops,
          shop, tso_altar
Temple:   hc_temple_tempest_star
Lair:1:   layout_gridlike, tgw_fedhas, lemuel_fruit_fields, uniq_erica
Lair:2:   layout_hall_layers, grunt_megastairs_4, uniq_gastronok
Lair:3:   cheibrodos_lair_river_kwai, layout_misc_corridors,
          mainiacjoe_swamp_entry_lozenge_pond,
          minmay_snake_entry_guardpost_medium, hellmonk_talismancer
Lair:4:   layout_big_grid, gammafunk_ghost_hydra_chop, basic_altar,
          grunt_megastairs_1, lemuel_fruit_fields, serial_bayou_shore_a
Lair:5:   cheibrodos_lair_end_hotspot, layout_regular_city,
          nicolae_slime_entry_field_trip
Swamp:1:  nicolae_swamp_standing_stones, layout_basic_swamp,
          nicolae_swamp_tree_isthmus
Swamp:2:  layout_falls_marsh, evilmike_swamp_ruin_rubble_2,
          hangedman_swamp_blocks, swamp_pool_1_2, hangedman_swamp_phenomena
Swamp:3:  layout_basic_swamp, evilmike_swamp_ruin_house_2
Swamp:4:  grunt_swamp_rune_castle, layout_basic_swamp
Snake:1:  layout_rooms
Snake:2:  layout_chambers, nicolae_snake_slithery_corners,
          nicolae_snake_squiggles
Snake:3:  layout_basic, st_stairs_3, nicolae_large_snake_swirl,
          minmay_shop_grove, uniq_donald
Snake:4:  minmay_snake_end_coiled, layout_layer_cave, serial_bayou_pond_b,
          grunt_ministairs_4, nicolae_snake_naga_rites, uniq_kirke
Slime:1:  layout_caves, cheibrodos_slime_lost_civilization_7
Slime:2:  layout_caves
Slime:3:  layout_caves, cheibrodos_slime_lost_civilization_4
Slime:4:  layout_caves
Slime:5:  slime_pit_nicolae_royal_road_to_ruin
Orc:1:    layout_diamond_mine
Orc:2:    st_orc_ogre_mass, layout_caves, nicolae_orc_crystal_geode
Elf:1:    layout_onion_city, hangedman_elf_represent, uniq_norris
Elf:2:    elven_hall_of_blades_hangedman_alternative
          [nicolae_blade_entry_antechamber], layout_geoelf_grid, serial_shops,
          nicolae_shop_waterfront
Elf:3:    minmay_elf_hall_curves, layout_geoelf_castle
Vaults:1: nicolae_vaults_heart-shaped_vault, nicolae_vaults_more_shelving_1,
          grunt_vaults_funnel, nicolae_vaults_alarming, vaults_room_corners,
          nicolae_vaults_tetromino_T_1, vaults_mumra_hex,
          nicolae_vaults_trapezoid_1, nicolae_vaults_tetromino_L_1,
          nicolae_vaults_apartment_1, layout_vaults_omnibox
Vaults:2: nicolae_vaults_windows_and_doors_thing, nicolae_vaults_big_ls,
          vaults_mumra_minichess, dpeg_vaults_monster_box, v_misc_23,
          nicolae_vaults_turnstiles, vaults_room_grunt_arrival_checkpoint,
          nicolae_vaults_big_angled_halls, hangedman_vaults_stretched_pinwheel,
          vaults_dpeg_emergency_exit, nicolae_vaults_offset_grid_hallway_4,
          nicolae_vaults_two_Ls, nicolae_vaults_cochlea,
          nicolae_vaults_oval_intersection, layout_vaults_maze_snakey,
          serial_shops, shop, uniq_aizul
Vaults:3: ploomutoo_gammafunk_ghost_potion_laboratory, v_misc_10,
          nicolae_vaults_octothorpe, gammafunk_its_a_trap, vaults_room_corners,
          nicolae_vaults_octothorpe, minmay_crypt_entry_simple_sparse,
          nicolae_vaults_sealed_display, nicolae_vaults_variable_pillar_hall,
          layout_vaults_omnigrid
Vaults:4: mu_enter_wizlab_1, nicolae_vaults_antechamber_and_loot_room,
          nicolae_vaults_network_star, v_rooms_2, v_misc_9,
          ontoclasm_vaults_ring_square, ontoclasm_vaults_ring_large, v_misc_29,
          nicolae_vaults_little_squares_6, vaults_mumra_chevron,
          ontoclasm_vaults_idyll, nicolae_vaults_house_3,
          hangedman_vaults_cutoff, vaults_dpeg_diagonal, layout_vaults_omnicross
Vaults:5: uniq_mennas
Depths:1: layout_long_grid, enter_ziggurat_f, rand_demon_pan_entry_1,
          hell_entry, grunt_decor_one_mirror, nemelex_spade_bored_becter
Depths:2: minmay_polygon_palace, layout_cross, rand_demon_pan_entry_8,
          dk_noncrumbling_2, hell_entry, st_stairs_9, minmay_misc_feat_rows,
          minmay_shoptagon, infiniplex_staircase_spiral_double
Depths:3: minmay_triangles_in_corner, layout_cave_pools, grunt_mini_vestibule,
          abyss_entry_flame_altar, kennysheep_another_room,
          minmay_staircase_statues_hall_small, uniq_enchantress
Depths:4: grunt_zot_entry_hairpin, layout_basic, chequers_serial_rivers_small_b,
          pf_dread_powers_of_hell
Hell
Coc:1:    layout_ice_bergs
Zot:1:    layout_misc_corridors, regret_index_zotdec_onion_hex,
          grunt_megastairs_2, uniq_josephina
Zot:2:    layout_basic, gammafunk_ghost_necromancy
Zot:3:    layout_misc_corridors, regret_index_zotdec_banners
Zot:4:    layout_gridlike, not_door_vault_due,
          regret_index_zotdec_twisting_globes
Zot:5:    layout_cellular_growth, st_stairs_6

Skill      XL: |  1  2  3  4  5  6  7  8  9 10 11 12 13 14 15 16 17 18 19 20 21 22 23 24 |
---------------+-------------------------------------------------------------------------+-----
Armour         | 4 5 6 7 9 10 12 13 15 17 18 19 20 21 23 24 25 | 25.0
Fighting       | 4 5 8 11 12 13 15 17 19 21 22 23 | 23.0
Shields        | 4 5 7 10 11 12 14 16 17 18 19 20 21 | 21.0
Maces & Flails | 3 4 5 7 9 11 13 14 15 16 17 19 20 | 20.2
Dodging        | 2 3 5 7 8 9 10 12 | 12.1
Evocations     | 4 6 8 9 |  9.5
Spellcasting   | 2 3 6 7 8 9 10 11 12 | 12.5
Necromancy     | 1 3 6 8 10 11 12 | 12.1

Action                     |  1- 3 |  4- 6 |  7- 9 | 10-12 | 13-15 | 16-18 | 19-21 | 22-24 || total
---------------------------+-------+-------+-------+-------+-------+-------+-------+-------++-------
  Melee: Flail             |    69 |   156 |   229 |   144 |       |       |       |       ||   598
         Headbutt          |     8 |    20 |    44 |   257 |   440 |   762 |   778 |   473 ||  2782
         Punch             |       |     2 |     4 |     7 |       |       |       |       ||    13
         Whip              |       |       |       |   836 |  1508 |  2214 |  1698 |       ||  6256
         Bite              |       |       |       |       |    21 |   409 |    42 |    73 ||   545
         Pseudopods        |       |       |       |       |       |       |   628 |   473 ||  1101
         Demon whip        |       |       |       |       |       |       |   187 |  1304 ||  1491
         Kick              |       |       |       |       |       |       |       |   641 ||   641
  Throw: Dart              |       |       |       |       |       |     3 |     4 |     1 ||     8
   Cast: Animate Dead      |       |       |       |       |       |     2 |       |       ||     2
         Death Channel     |       |       |       |       |       |       |       |     3 ||     3
 Invoke: Slimify           |       |       |       |       |       |     7 |    10 |     7 ||    24
  Evoke: Wand              |       |       |    11 |    21 |     3 |     2 |     6 |     2 ||    45
         Phial of floods   |       |       |       |       |       |       |     1 |       ||     1
         Phantom mirror    |       |       |       |       |       |       |     1 |       ||     1
         Box of beasts     |       |       |       |       |       |       |       |     1 ||     1
    Use: Scroll            |     1 |     2 |     5 |     5 |    15 |     9 |    16 |     9 ||    62
         Potion            |       |       |     2 |     2 |     5 |     6 |     4 |     9 ||    28
   Stab: Paralysed         |       |       |     8 |       |       |       |       |       ||     8
         Invisible         |       |       |       |     5 |     1 |       |     5 |       ||    11
         Distracted        |       |       |       |       |     2 |     2 |     8 |    25 ||    37
         Confused          |       |       |       |       |       |     1 |    58 |    36 ||    95
         Petrifying        |       |       |       |       |       |       |       |     1 ||     1
         Sleeping          |       |       |       |       |       |       |       |     8 ||     8
 Armour: Scale mail        |    51 |    74 |    11 |       |       |       |       |       ||   136
         Chain mail        |       |    67 |   153 |   256 |   577 |   953 |  1034 |   515 ||  3555
         Plate armour      |       |       |       |   209 |       |       |       |       ||   209
         Acid dragon scale |       |       |       |       |       |       |       |   303 ||   303
  Dodge: Dodged            |    29 |    88 |   221 |   512 |   760 |   925 |   857 |   538 ||  3930
  Block: Buckler           |       |       |       |   100 |   368 |   224 |   637 |   322 ||  1651
         Kite shield       |       |       |       |       |       |   860 |   301 |   496 ||  1657

Table legend: (Time is in decaauts)
 A = Elapsed time spent in this place.
 B = Non-inter-level travel time spent in this place.
 C = Inter-level travel time spent in this place.
 D = Time resting spent in this place.
 E = Time spent auto-exploring this place.
 F = Levels seen in this place.
 G = Mean time per level.
                   A        B        C        D        E       F      G
               +--------+--------+--------+--------+--------+-----+--------+
         Total |  49987 |  43459 |   6528 |    799 |  24592 |  59 |  847.2 |
       Dungeon |  15913 |  13335 |   2578 |    285 |   9435 |  15 | 1060.9 |
        Temple |      4 |      2 |      2 |      0 |      0 |   1 |    4.0 |
          Lair |   6303 |   5205 |   1098 |     23 |   3290 |   5 | 1260.6 |
         Swamp |   2569 |   2429 |    140 |      0 |   1024 |   4 |  642.2 |
     Snake Pit |   4703 |   4498 |    205 |    139 |   2308 |   4 | 1175.8 |
    Slime Pits |    471 |    423 |     48 |      0 |    248 |   5 |   94.2 |
  Orcish Mines |   2013 |   1410 |    603 |      0 |    893 |   2 | 1006.5 |
   Elven Halls |   3807 |   3288 |    519 |     68 |   1510 |   3 | 1269.0 |
        Vaults |   4873 |   3946 |    927 |     88 |   1759 |   5 |  974.6 |
        Depths |   4178 |   3868 |    310 |     16 |   2244 |   4 | 1044.5 |
          Hell |    951 |    878 |     73 |    135 |    203 |   1 |  951.0 |
       Cocytus |     15 |     15 |      0 |      0 |      0 |   1 |   15.0 |
           Zot |   2481 |   2461 |     20 |      0 |   1177 |   5 |  496.2 |
         Abyss |    290 |    290 |      0 |      3 |      0 |   1 |  290.0 |
        Bailey |    594 |    594 |      0 |     24 |    173 |   1 |  594.0 |
      Ice Cave |    304 |    304 |      0 |     18 |    104 |   1 |  304.0 |
        Wizlab |    513 |    513 |      0 |      0 |    222 |   1 |  513.0 |
               +--------+--------+--------+--------+--------+-----+--------+

Top non-repeatable levels by time:
 Snake:4: 1864 daAuts
  Lair:5: 1791 daAuts
   Elf:1: 1596 daAuts
     D:3: 1582 daAuts
Vaults:4: 1508 daAuts
Vaults:2: 1425 daAuts
 Snake:2: 1400 daAuts
  Lair:1: 1355 daAuts
Depths:4: 1335 daAuts
    D:12: 1319 daAuts
    D:11: 1308 daAuts
Vaults:1: 1307 daAuts
   Elf:3: 1305 daAuts
  Lair:3: 1290 daAuts
   Orc:2: 1285 daAuts
